 Dungeon Crawl Stone Soup version 0.28-a0-1147-gc7b72d3202 (webtiles) character file.

Game seed: 303236247954467839

371 ChaosChampion the Insei (level 6, -1/38 HPs)
             Began as an Octopode Transmuter on Dec 14, 2021.
             Was an Initiate of Ru.
             Killed from afar by Blork the orc (5 damage)
             ... with a magic dart
             ... on level 5 of the Dungeon.
             The game lasted 00:12:46 (6504 turns).

ChaosChampion the Insei (Octopode Transmuter)       Turns: 6504, Time: 00:12:46

Health: -1/38      AC:  2    Str:  9    XL:     6   Next: 70%
Magic:  4/9        EV: 19    Int: 17    God:    Ru [......]
Gold:   195        SH:  0    Dex: 18    Spells: 3/9 levels left

rFire   . . .      SeeInvis .     - Unarmed
rCold   . . .      Faith    .   (shield currently unavailable)
rNeg    . . .      Spirit   .   (helmet currently unavailable)
rPois   x          Reflect  .   (no amulet)
rElec   .          Harm     .   (no ring)
rCorr   .          Rampage  .   (no ring)
Will    .....                   (no ring)
Stlth   ++........              (no ring)
HPRegen 0.12/turn               (no ring)
MPRegen 0.11/turn               (no ring)
                                (no ring)
                                (no ring)

@: spider-form, wereblooded
A: venomous fangs, almost no armour, (amphibious), 8 rings, tiny, (camouflage
1), (gelatinous body 1), (nimble swimmer 1), (tentacles)
a: End Transformation, Renounce Religion


You were on level 5 of the Dungeon.
You worshipped Ru.
Ru was noncommittal.
You were a venomous arachnid creature.
You visited 2 branches of the dungeon, and saw 6 of its levels.

You collected 195 gold pieces.

Inventory:

Scrolls
 c - 2 scrolls of identify {unknown}
 d - a scroll of noise {unknown}
 e - a scroll of teleportation {unknown}
 g - a scroll of enchant weapon {unknown}
 h - a scroll of magic mapping {unknown}
Potions
 a - a potion of magic {unknown}
 b - 2 potions of flight {unknown}
 f - a potion of attraction {unknown}


   Skills:
 - Level 1.0 Fighting
 - Level 2.0 Dodging
 * Level 0.1 Stealth
 + Level 5.1 Unarmed Combat
 * Level 2.0 Spellcasting
 + Level 4.1 Transmutations
 - Level 4.0 Poison Magic


You had 3 spell levels left.
You knew the following spells:

 Your Spells              Type           Power      Damage    Failure   Level
a - Beastly Appendage     Tmut           30%        N/A       12%         1
b - Wereblood             Tmut           15%        N/A       16%         2
c - Spider Form           Tmut/Pois      15%        N/A       26%         3

Your spell library contained the following spells:

 Spells                   Type           Power      Damage    Failure   Level
 Summon Small Mammal      Summ           4%         N/A       38%         1
 Call Canine Familiar     Summ           1%         N/A       71%         3
 Dazzling Flash           Conj/Hex       2%         N/A       71%         3
 Inner Flame              Hex/Fire       1%         N/A       71%         3
 Summon Guardian Golem    Hex/Summ       1%         N/A       71%         3
 Ice Form                 Ice/Tmut       8%         N/A       82%         4
 Cause Fear               Hex            0%         N/A       96%         4
 Hailstorm                Conj/Ice       1%         3d3       96%         4
 Agony                    Necr           1%         N/A       100%        5
 Silence                  Hex/Air        0%         N/A       100%        5
 Simulacrum               Ice/Necr       0%         N/A       100%        6
 Discord                  Hex            0%         N/A       100%        8


Dungeon Overview and Level Annotations

Branches:
Dungeon (5/15)             Temple (1/1) D:4

Altars:
Ashenzari
Dithmenos
Gozag
Hepliaklqana
Makhleb
Nemelex Xobeh
Okawaru
Ru
Sif Muna
Trog
Uskayaw
Vehumet
Xom
Yredelemnul
Zin
The Shining One

Shops:
D:2 *   D:3 ?

Annotations:
D:5 Blork the orc; weirdocat's ghost, amateur HOFi


Innate Abilities, Weirdness & Mutations

You are a venomous arachnid creature.
You have poisonous fangs.
You are tiny and dextrous.
Your spellcasting is less reliable in this form.
Your armour is entirely melded.
You are incapable of wielding weapons or throwing items.
You cannot wear most types of armour.
((You are amphibious.))
You can wear up to eight rings at the same time.
((Your skin changes colour to match your surroundings (Stealth+).))
((Your rubbery body absorbs attacks. (AC +1, EV +1)))
((You are camouflaged near water. (Stealth+)))
((You have tentacles for arms and can constrict up to eight enemies at once.))


Message History

What level of the Dungeon? (default 1, ? - help)
There is a stone staircase leading down here.
You climb downwards.
There is a stone staircase leading up here.
(D) Dungeon (T) Temple
Where to? (Enter - D:4, ? - help)
What level of the Dungeon? (default 1, ? - help)
There is a stone staircase leading down here.
You climb downwards.
There is a stone staircase leading up here.
Sorry, I don't know how to get there.
Weirdocat's ghost turns its malevolent gaze towards you.
Found a stone staircase leading down.
Press: ? - help, v - describe, . - travel A stone wall.
Weirdocat's ghost screams, "I'll kill anyone who wants the ORB!"
Weirdocat's ghost shouts, "You will never get the ORB!"
An ogre and Blork the orc come into view.
A water moccasin skeleton comes into view.
Casting: Beastly Appendage (safe; 3% risk of failure)
Confirm with . or Enter, or press ? or * to list all spells.
You turn into a venomous arachnid creature.
Casting: Spider Form (quite dangerous; 26% risk of failure)
Confirm with . or Enter, or press ? or * to list all spells.
Your blood is infused with primal strength.
Blork the orc shouts!
The ogre shouts!
You hear an angry growl.
You hear a shout!
A black bear comes into view.
The ogre hits you with a +0 giant club!!
Ouch! That really hurt!
* * * LOW HITPOINT WARNING * * *
You are too injured to fight recklessly!
You are too injured to fight recklessly!
Blork the orc casts a spell at you. The puff of flame hits you.
* * * LOW HITPOINT WARNING * * *
Blork the orc looks angry.
Blork the orc points at you and mumbles some strange words.
The magic dart hits you.
You die...

... ..#.. #.#
#o#>#.#.# #..
.##.o.#...#... ..
...#.#.#Z#
.###...#...#
..##.#.#O#
#.##.#...#
#.##.#.#....... # #
#.##.s.##.###.# #..
#. #....#.......
$...#Z##..####.###.#
?.=.ZZ#...# ## .#
#...ZZ#...# #
#.?..Z##..# ##....
#.## ###. #.# . ##.#


You could see Blork the orc, an ogre, a water moccasin simulacrum, a bullfrog
simulacrum, a scorpion simulacrum and a water moccasin skeleton.

Vanquished Creatures
  An ogre (D:3)
  A phantom (D:3)
  2 hounds (D:4)
  A bullfrog skeleton (D:4)
  An orc wizard (D:4)
  A hound skeleton (D:4)
  4 adders
  2 worms
  3 orcs
  5 endoplasms
  A giant cockroach (D:2)
  2 goblins
  11 hobgoblins
  2 jackals (D:1)
  A quokka (D:4)
  6 ball pythons
  3 bats
  2 frilled lizards
  2 kobolds
  3 rats
54 creatures vanquished.

Notes
Turn   | Place    | Note
-------+----------+-------------------------------------------
     0 | D:1      | ChaosChampion the Octopode Transmuter began the quest for
                  | the Orb.
     0 | D:1      | Reached XP level 1. HP: 13/13 MP: 3/3
   671 | D:1      | Reached XP level 2. HP: 17/18 MP: 3/5
  1090 | D:1      | Learned a level 2 spell: Wereblood
  1145 | D:1      | Found a faded altar of an unknown god.
  1461 | D:2      | Found Buit's General Store.
  1526 | D:2      | Reached XP level 3. HP: 21/23 MP: 2/6
  1655 | D:2      | Reached skill level 4 in Unarmed Combat
  1659 | D:2      | Learned a level 3 spell: Spider Form
  2596 | D:3      | Found Xoegoch's Magic Scroll Shop.
  2646 | D:3      | Noticed an ogre
  2659 | D:3      | Noticed a phantom
  2674 | D:3      | Killed an ogre
  2675 | D:3      | Reached XP level 4. HP: 4/28 MP: 3/7
  2675 | D:3      | Reached XP level 5. HP: 5/33 MP: 3/8
  4376 | D:4      | Reached XP level 6. HP: 35/38 MP: 4/9
  4381 | D:4      | Found a staircase to the Ecumenical Temple.
  4391 | Temple   | Entered the Ecumenical Temple
  4630 | Temple   | Became a worshipper of Ru the Awakened
  5902 | D:3      | Reached skill level 5 in Unarmed Combat
  6467 | D:5      | Entered Level 5 of the Dungeon
  6478 | D:5      | Noticed an ice beast
  6479 | D:5      | Noticed weirdocat's ghost (amateur HOFi)
  6480 | D:5      | Noticed an ice beast
  6496 | D:5      | Noticed Blork the orc
  6500 | D:5      | Noticed a black bear
  6504 | D:5      | Killed from afar by Blork the orc

Illustrated notes

Levels and vault maps discovered:
D:1:      dpeg_arrival_radiant, layout_basic, shapermc_ecumenical_altar_ellora,
          nicolae_wormholes
D:2:      wad_pebble_path, layout_loops_ring, serial_shops, shop
D:3:      layout_basic, serial_shops, shop_scrolls
D:4:      layout_loops_ring, minmay_temple_entry_arrows, hangedman_decor_points
D:5:      layout_loops_ring, gammafunk_ghost_icy,
          nicolae_concentric_dashed_squares_mild, dk_rats_in_the_wall,
          uniq_blork_the_orc
Temple:   eino_temple_scatter_basement

Skill      XL: |  1  2  3  4  5  6 |
---------------+-------------------+-----
Unarmed Combat | 4 5 |  5.1
Transmutations | 3 4 |  4.1
Poison Magic   | 2 3 4 |  4.0
Fighting       | |  1.0
Dodging        | |  2.0
Stealth        | |  0.1
Spellcasting   | |  2.0

Action                   |  1- 3 |  4- 6 || total
-------------------------+-------+-------++-------
Melee: Unarmed           |    78 |   138 ||   216
       Kick              |    12 |     2 ||    14
       Constrict         |    18 |     8 ||    26
       Tentacles         |     9 |     4 ||    13
 Cast: Beastly Appendage |    13 |     5 ||    18
       Wereblood         |    10 |    13 ||    23
       Spider Form       |     1 |    14 ||    15
 Stab: Sleeping          |     3 |       ||     3
Armor: Skin              |     4 |     6 ||    10
Dodge: Dodged            |    52 |   101 ||   153

Table legend: (Time is in decaauts)
 A = Elapsed time spent in this place.
 B = Non-inter-level travel time spent in this place.
 C = Inter-level travel time spent in this place.
 D = Time resting spent in this place.
 E = Time spent auto-exploring this place.
 F = Levels seen in this place.
 G = Mean time per level.
                   A        B        C        D        E       F      G
               +--------+--------+--------+--------+--------+-----+--------+
         Total |   6493 |   6400 |     93 |    932 |   4138 |   6 | 1082.2 |
       Dungeon |   6244 |   6151 |     93 |    932 |   3955 |   5 | 1248.8 |
        Temple |    248 |    248 |      0 |      0 |    183 |   1 |  248.0 |
               +--------+--------+--------+--------+--------+-----+--------+

Top non-repeatable levels by time:
     D:2: 1962 daAuts
     D:3: 1661 daAuts
     D:1: 1453 daAuts
     D:4: 1130 daAuts
  Temple: 248 daAuts
     D:5: 36 daAuts
